 Dungeon Crawl Stone Soup version 0.17-a0-2055-gb4e23be (webtiles) character file.

343 radek the Skirmisher (level 6, -9/55 HPs)
             Began as a Hill Orc Berserker on Oct 11, 2015.
             Was a Priest of Trog.
             Mangled by an ogre
             ... wielding a +0 giant club
              (10 damage)
             ... on level 4 of the Dungeon.
             The game lasted 00:14:31 (3203 turns).

radek the Skirmisher (Hill Orc Berserker)           Turns: 3203, Time: 00:14:32

Health: -9/55      AC:  8    Str: 22    XL:     6   Next: 57%
Magic:  6/6        EV: 11    Int:  7    God:    Trog [***...]
Gold:   196        SH:  3    Dex: 10    Spells: 0 memorised, 5 levels left

rFire  . . .     SeeInvis .     e - +0 mace
rCold  . . .     Clarity  .     w - +0 ring mail
rNeg   . . .     SustAt   .     E - +0 buckler
rPois  .         Gourm    .     (no helmet)
rElec  .         Spirit   .     m - +0 cloak
rCorr  .         Warding  .     (no gloves)
rMut   +         Stasis   .     v - +0 pair of boots
MR     .....                    j - amulet of resist mutation
Stlth  +.........               (no ring)
                                (no ring)

@: exhausted, not resistant to hostile enchantments, very unstealthy
A: no striking features
a: Burn Spellbooks, Berserk, Trog's Hand, Renounce Religion


You were on level 4 of the Dungeon.
You worshipped Trog.
Trog was most pleased with you.
You were not hungry.

You visited 1 branch of the dungeon, and saw 4 of its levels.

You collected 196 gold pieces.

Inventory:

Hand Weapons
 a - a +0 falchion
 e - a +0 mace (weapon)
 r - a +0 mace
 A - a cursed -3 falchion
 F - a +0 long sword
 G - a +0 dagger of speed
Armour
 b - a +0 animal skin
 f - a +0 ring mail
 m - a +0 cloak (worn)
 o - a +0 ring mail
 q - a +0 chain mail
 v - a +0 pair of boots (worn)
 w - a +0 ring mail (worn)
 E - a +0 buckler (worn)
Jewellery
 j - an amulet of resist mutation (around neck)
Scrolls
 g - a scroll of blinking
 i - 3 scrolls of identify
 s - a scroll of immolation {unknown}
 t - a scroll of recharging {unknown}
 u - a scroll of fog {unknown}
 y - a scroll of magic mapping {unknown}
 H - a scroll of fear {unknown}
Potions
 d - a potion of might {unknown}
 k - 2 potions of lignification {unknown}
 l - a potion of magic {unknown}
 n - a potion of ambrosia {unknown}
 x - a potion of flight {unknown}
 z - a potion of degeneration {unknown}
 C - a potion of cancellation
 D - a potion of haste {unknown}
 I - a potion of agility {unknown}
Comestibles
 c - a bread ration
 h - 5 meat rations
 B - 3 fruits


   Skills:
 + Level 4.9 Fighting
 + Level 3.6 Long Blades
 + Level 2.3 Maces & Flails
 + Level 3.5 Armour
 + Level 3.4 Dodging
 + Level 1.5 Stealth


You had 5 spell levels left.
You didn't know any spells.

Dungeon Overview and Level Annotations

Branches:
Dungeon (4/15)
 Temple: D:4-7

Altars:
Qazlal
Sif Muna


Message History

Use which ability?
You're too exhausted to go berserk.
You sock the ogre!
The ogre is moderately wounded.
The ogre closely misses you.
You barely miss the ogre.
The ogre is moderately wounded.
The ogre hits you with a giant club!
* * * LOW HITPOINT WARNING * * *
You hit the ogre.
The ogre is moderately wounded.
The ogre closely misses you.
You hit the ogre.
The ogre is heavily wounded.
The ogre hits you with a giant club!
* * * LOW HITPOINT WARNING * * *
Drink which item? (? for menu, Esc to quit)
It was a potion of cancellation.
You feel magically purged. The ogre hits you with a giant club!
You die...

. #.... . ##....# .
#...... . #....... ##.
.. #...#...# ##.. ..#
##..# #...# ##... ...#
#... #...####.<.. ....#
##.O# #...#....##
#...##..@######......###
#..................##
##...))...#.......##
##..)...#........##
####....#..........#
.......#..####.....##
#.#.#.#.######......####
####.#.#.#.##...........
#..#...................


You could see an ogre.

Vanquished Creatures
  A scorpion (D:4)
  Jessica (D:3)
  2 orc wizards
  3 worker ants (D:4)
  A hound skeleton (D:3)
  7 adders
  An ooze (D:1)
  A worm (D:3)
  A giant gecko (D:3)
  7 orcs
  A ball python (D:1)
  3 giant cockroaches (D:1)
  10 hobgoblins
  4 kobolds
  2 quokkas (D:2)
  5 bats
  2 giant newts
  4 goblins
  8 rats
64 creatures vanquished.

Notes
Turn   | Place    | Note
--------------------------------------------------------------
     0 | D:1      | radek the Hill Orc Berserker began the quest for the Orb.
     0 | D:1      | Reached XP level 1. HP: 19/19 MP: 1/1
   254 | D:1      | Reached XP level 2. HP: 24/27 MP: 2/2
   257 | D:1      | Reached skill level 4 in Fighting
   602 | D:1      | Reached XP level 3. HP: 33/33 MP: 3/3
   788 | D:2      | Found a stormy altar of Qazlal.
   857 | D:2      | Acquired Trog's second power
   930 | D:2      | Found a faded altar to an unknown god.
  1196 | D:2      | Reached skill level 1 in Maces & Flails
  1415 | D:3      | Reached XP level 4. HP: 40/40 MP: 4/4
  1425 | D:3      | Reached skill level 1 in Stealth
  1732 | D:3      | Reached XP level 5. HP: 37/47 MP: 5/5
  1980 | D:3      | Found a deep blue altar of Sif Muna.
  2006 | D:3      | Noticed Jessica
  2014 | D:3      | Killed Jessica
  2617 | D:4      | Reached XP level 6. HP: 42/53 MP: 6/6
  3202 | D:4      | HP: 1/55 [ogre/giant club (13)]
  3203 | D:4      | Mangled by an ogre

Vault maps used:
D:1:      minmay_arrival_four_houses
D:2:      ecumenical_altar_1, nicolae_qazlal_eye_of_the_storm
D:3:      lemuel_blue_sif_altar, uniq_jessica
D:4:      enter_ossuary_5, hangedman_abyss_or_decor_slice,
          uniq_crazy_yiuf_cottage, uniq_grinder, uniq_duvessa

Action                   |  1- 3 |  4- 6 || total
-------------------------+-------+-------++-------
Melee: Mace              |   101 |   138 ||   239
       Falchion          |     2 |       ||     2
Invok: Berserk           |       |     3 ||     3
  Use: Scroll            |       |     4 ||     4
       Potion            |       |     1 ||     1
 Stab: Sleeping          |     2 |       ||     2
  Eat: Chunk             |     1 |     4 ||     5
       Pizza             |     1 |       ||     1
       Bread ration      |       |     1 ||     1
